 Dungeon Crawl Stone Soup version 0.32-a0-975-g85d4e5bfdb (webtiles) character file.

Game seed: 14320185046607045685

1822 DrKenneth the Shield-Bearer (level 8, -3/69 (74) HPs)
             Began as a Minotaur Fighter on Apr 19, 2024.
             Was a Follower of Makhleb.
             Slain by a wight
             ... wielding a +3 dagger
              (6 damage)
             ... on level 7 of the Dungeon.
             The game lasted 00:13:42 (6595 turns).

DrKenneth the Shield-Bearer (Minotaur Fighter)      Turns: 6595, Time: 00:13:43

HP:   -3/69 (74)    AC: 11    Str: 23    XL:     8   Next: 85%
MP:   7/7           EV:  8    Int:  5    God:    Makhleb [*.....]
Gold: 354           SH:  5    Dex: 10    Spells: 7/7 levels left

rFire   . . .        a - +1 war axe
rCold   . . .        c - +0 buckler
rNeg    . . .        i - +2 scale mail {rPois}
rPois   +            (helmet restricted)
rElec   .            t - +0 cloak
rCorr   .            (no gloves)
SInv    .            (no boots)
Will    .....        (no amulet) Stlth
                     (no ring)
HPRegen 0.31/turn    (no ring)
MPRegen 0.10/turn

%: no passive effects
@: drained
A: horns 2, retaliatory headbutt
a: Renounce Religion


You were on level 7 of the Dungeon.
You worshipped Makhleb.
Makhleb was aware of your devotion.
You visited 2 branches of the dungeon, and saw 8 of its levels.

You collected 354 gold pieces.

Inventory:

Hand Weapons
 a - a +1 war axe (weapon)
Armour
 b - a +0 scale mail
 c - a +0 buckler (worn)
 i - a +2 scale mail of poison resistance (worn)
 t - a +0 cloak (worn)
Jewellery
 A - a ring of resist corrosion
 B - an amulet of magic regeneration
 C - an amulet of reflection
Wands
 o - a wand of warping (25)
 u - a wand of quicksilver (6)
Scrolls
 e - a scroll of enchant weapon
 f - 6 scrolls of identify
 n - 3 scrolls of teleportation
 q - a scroll of fog {unknown}
 s - a scroll of vulnerability {unknown}
 w - a scroll of immolation {unknown}
 x - a scroll of brand weapon {unknown}
 y - a scroll of enchant armour {unknown}
Potions
 d - 2 potions of might
 g - a potion of magic
 h - a potion of invisibility {unknown}
 j - 4 potions of heal wounds {unknown}
 k - a potion of enlightenment {unknown}
 l - a potion of lignification {unknown}
 m - 2 potions of mutation {unknown}
 p - a potion of degeneration {unknown}
 r - 3 potions of curing {unknown}
 v - a potion of attraction {unknown}
 z - a potion of resistance {unknown}


   Skills:
 + Level 7.7 Fighting
 + Level 7.3 Axes
 + Level 7.8 Armour
 + Level 7.8 Shields


You had 7 spell levels left.
You didn't know any spells.
Your spell library contained the following spells:

 Spells                   Type           Power      Damage    Failure   Level
 Freeze                   Ice            0%         1d3       80%         1
 Dazzling Flash           Conj/Hex       0%         N/A       99%         3
 Frozen Ramparts          Ice            0%         1d1       99%         3
 Hailstorm                Conj/Ice       0%         3d5       99%         3
 Mephitic Cloud           Conj/Alch/Air  0%         N/A       99%         3
 Silence                  Hex/Air        0%         N/A       100%        5


Dungeon Overview and Level Annotations

Branches:
Dungeon (7/15)             Temple (1/1) D:4

Altars:
Ashenzari
Cheibriados
Dithmenos
Elyvilon
Fedhas
Gozag
Hepliaklqana
Kikubaaqudgha
Makhleb
Nemelex Xobeh
Okawaru
Qazlal
Ru
Sif Muna
Uskayaw
Vehumet
Wu Jian
Xom
Yredelemnul
Zin
The Shining One

Shops:
D:2 :   D:5 (   D:7 ?


Innate Abilities, Weirdness & Mutations

You have a pair of horns on your head.
You reflexively headbutt those who attack you in melee.


Message History

The wight is heavily damaged.
You hit the killer bee but do no damage.
You feel sick. You block the killer bee's attack.
The killer bee stings you but does no damage.
The wight hits you with a +4 mace!
You feel drained.
* * * LOW HITPOINT WARNING * * *
You closely miss the wight.
The wight is heavily damaged.
You slash the killer bee!
You feel sick. You block the killer bee's attack.
The killer bee barely misses you. You furiously retaliate!
You headbutt the killer bee. You block the wight's attack.
You closely miss the wight.
The wight is heavily damaged.
You hit the killer bee.
You feel sick. The killer bee barely misses you.
The killer bee closely misses you. You block the wight's attack.
The killer bee barely misses you.
You hit the wight but do no damage.
The wight is heavily damaged.
You closely miss the killer bee.
You feel sick. The killer bee misses you. The wight completely misses you.
You furiously retaliate!
You headbutt the wight!
The killer bee stings you but does no damage.
You barely miss the wight.
The wight is almost destroyed.
You barely miss the killer bee.
You feel sick.
The killer bee stings you but does no damage.
You block the wight's attack. The killer bee closely misses you.
You hit the wight but do no damage.
The wight is almost destroyed.
You slash the killer bee!
You kill the killer bee!
Makhleb accepts your kill.
You feel sick.
You are no longer poisoned.
The wight hits you with a +4 mace!
* * * LOW HITPOINT WARNING * * *
You feel drained.
* * * LOW HITPOINT WARNING * * *
The wight hits you with a +3 dagger.
You die...

#....y.<....# #..
.###............ ..
..##.....y......
..#
.........#......
..#........##......
##...z###...
#.$.... ##.... ##..
......! ####..zz#
##. ......#
.......@####### .
............... ..
.....##........ ...
...###..######(
.... ..###...# #..
#.##.....# #..
#........#
#....###.## ......#
#...##


You could see 3 wights.

Vanquished Creatures
  A wraith (D:6)
  A water moccasin (D:6)
  A sky beast (D:6)
  An orc warrior (D:6)
  2 ice beasts (D:6)
  An ogre (D:5)
  2 centaurs
  A phantom (D:6)
  2 scorpions (D:5)
  A wight (D:7)
  6 killer bees
  A bombardier beetle (D:5)
  2 jellies (D:5)
  A hound (D:5)
  2 orc priests (D:5)
  2 iguanas
  A sleepcap (D:5)
  2 orc wizards (D:5)
  6 adders
  A shadow imp (D:6)
  A white imp (D:5)
  2 ufetubi (D:6)
  A dart slug (D:3)
  3 ribbon worms
  17 orcs
  5 ball pythons
  4 bats
  7 endoplasms
  2 giant cockroaches
  11 goblins
  13 hobgoblins
  3 jackals (D:1)
  5 kobolds
  4 quokkas
  A frilled lizard (D:1)
  3 rats
119 creatures vanquished.

Notes
Turn   | Place    | Note
-------+----------+-------------------------------------------
     0 | D:1      | DrKenneth the Minotaur Fighter began the quest for the Orb.
     0 | D:1      | Reached XP level 1. HP: 19/19 MP: 0/0
   115 | D:1      | Reached XP level 2. HP: 27/27 MP: 1/1
   502 | D:2      | Found Piusofou's Book Shoppe.
   593 | D:2      | Reached XP level 3. HP: 31/33 MP: 2/2
  1461 | D:3      | Reached XP level 4. HP: 40/40 MP: 3/3
  2622 | D:4      | Found a staircase to the Ecumenical Temple.
  2652 | Temple   | Entered the Ecumenical Temple
  2694 | Temple   | Became a worshipper of Makhleb the Destroyer
  3579 | D:5      | Entered Level 5 of the Dungeon
  3619 | D:5      | Found Zihunuz's Weapon Emporium.
  3668 | D:5      | Reached XP level 5. HP: 33/47 MP: 4/4
  3773 | D:5      | Reached skill level 5 in Fighting
  3773 | D:5      | Reached skill level 5 in Armour
  3773 | D:5      | Reached skill level 5 in Shields
  3813 | D:5      | Reached XP level 6. HP: 26/56 MP: 5/5
  4235 | D:5      | Reached skill level 5 in Axes
  4235 | D:5      | Reached XP level 7. HP: 55/62 MP: 6/6
  5208 | D:6      | Noticed a wraith
  5220 | D:6      | Killed a wraith
  5221 | D:6      | Reached XP level 8. HP: 41/71 MP: 7/7
  5418 | D:6      | Reached * piety under Makhleb
  6294 | D:7      | Found Yhaank's Magic Scroll Boutique.
  6595 | D:7      | HP: 3/69 [wight/+4 mace (3)]
  6595 | D:7      | Slain by a wight

Illustrated notes

Levels and vault maps discovered:
D:1:      dpeg_arrival_tiny_i, layout_rooms
D:2:      cheibrodos_greedy_goblins, layout_loops_corners, serial_shops,
          nicolae_lakefront_shop
D:3:      layout_loops_ring, serial_forest, infiniplex_forest_diagonal,
          infiniplex_forest_lined_4_way, infiniplex_forest_fountain,
          infiniplex_forest_lined_room_2, infiniplex_forest_lined_corner,
          infiniplex_forest_end_2, infiniplex_forest_lined_2
D:4:      layout_loops_corners, minmay_temple_entry_waves, grunt_decor_junction
D:5:      layout_gridville, serial_shops, nicolae_shop_bloodbath_and_beyond,
          grunt_decor_resistance
D:6:      layout_basic, kennysheep_decorative_pillar
D:7:      layout_layer_cave, serial_shops, shop, shop, nicolae_shop_stone, shop,
          roderic_st_hans_cross
Temple:   mainiacjoe_temple_trianglar_array

Skill      XL: |  1  2  3  4  5  6  7  8 |
---------------+-------------------------+-----
Armour         | 4 5 6 7 |  7.8
Fighting       | 4 5 6 7 |  7.7
Shields        | 4 5 6 7 |  7.8
Axes           | 3 4 5 6 7 |  7.3

Action                     |  1- 3 |  4- 6 |  7- 9 || total
---------------------------+-------+-------+-------++-------
  Melee: War axe           |    82 |   112 |   127 ||   321
         Headbutt          |     9 |    23 |    24 ||    56
    Use: Scroll            |       |       |     3 ||     3
 Armour: Scale mail        |    63 |    89 |   138 ||   290
  Dodge: Dodged            |    40 |    45 |    69 ||   154
  Block: Buckler           |    29 |    30 |    36 ||    95

Table legend: (Time is in decaauts)
 A = Elapsed time spent in this place.
 B = Non-inter-level travel time spent in this place.
 C = Inter-level travel time spent in this place.
 D = Time resting spent in this place.
 E = Time spent auto-exploring this place.
 F = Levels seen in this place.
 G = Mean time per level.
                   A        B        C        D        E       F      G
               +--------+--------+--------+--------+--------+-----+--------+
         Total |   6701 |   5682 |   1019 |   1002 |   3864 |   8 |  837.6 |
       Dungeon |   6629 |   5679 |    950 |   1002 |   3864 |   7 |  947.0 |
        Temple |     71 |      2 |     69 |      0 |      0 |   1 |   71.0 |
               +--------+--------+--------+--------+--------+-----+--------+

Top non-repeatable levels by time:
     D:6: 1925 daAuts
     D:5: 1099 daAuts
     D:4: 1053 daAuts
     D:3: 1013 daAuts
     D:2: 1001 daAuts
     D:1: 486 daAuts
  Temple: 71 daAuts
     D:7: 49 daAuts
